 Dungeon Crawl Stone Soup version 0.19-a0-743-ge0d55e4 (webtiles) character file.

2323 Gate88 the Destroyer (level 9, -3/45 HPs)
             Began as a Deep Elf Conjurer on June 23, 2016.
             Was an Initiate of Vehumet.
             Killed by divine providence
             ... invoked by an orc priest
              (9 damage)
             ... on level 7 of the Dungeon.
             The game lasted 00:23:12 (8280 turns).

Gate88 the Destroyer (Deep Elf Conjurer)            Turns: 8280, Time: 00:23:12

Health: -3/45      AC:  2    Str:  5    XL:     9   Next: 19%
Magic:  8/25       EV: 13    Int: 29    God:    Vehumet [......]
Gold:   403        SH:  0    Dex: 15    Spells: 6 memorised, 10 levels left

rFire  x . .     SeeInvis .     j - +2 dagger (venom)
rCold  + . .     Gourm    .     a - +0 robe
rNeg   . . .     Faith    .     (no shield)
rPois  .         Spirit   .     (no helmet)
rElec  .         Dismiss  +     (no cloak)
rCorr  .         Reflect  .     (no gloves)
SustAt .         Harm     .     (no boots)
MR     .....                    d - amulet of dismissal
Stlth  ++........               D - ring of ice
                                o - +5 ring of intelligence

@: not resistant to hostile enchantments, unstealthy
A: no striking features
a: Renounce Religion


You were on level 7 of the Dungeon.
You worshipped Vehumet.
Vehumet was noncommittal.
You were hungry.

You visited 2 branches of the dungeon, and saw 8 of its levels.
You also visited: Sewer.

You collected 403 gold pieces.

Inventory:

Hand Weapons
 j - a +2 dagger of venom (weapon)
 y - the +3 short sword of Dishonesty {flame, *Rage *Confuse Int+6 SInv}
   (You found it on level 4 of the Dungeon)

   It has been specially enchanted to burn those struck by it, causing extra
   injury to most foes and up to half again as much damage against particularly
   susceptible opponents.
   It affects your intelligence (+6).
   It lets you see invisible.
   It may make you go berserk in combat.
   It may confuse you when you take damage.
 B - a +0 spear
Armour
 a - a +0 robe (worn)
 f - a +0 leather armour
 K - a +2 leather armour of cold resistance
Jewellery
 d - an amulet of dismissal (around neck)
 o - a +5 ring of intelligence (left hand)
 A - a +1 ring of evasion
 D - a ring of ice (right hand)
 I - an uncursed ring of ice
Wands
 E - a wand of confusion (39/48)
 G - a wand of polymorph (13/24)
Scrolls
 e - 2 scrolls of magic mapping
 i - 3 scrolls of teleportation
 k - 2 scrolls of amnesia {unknown}
 l - 2 scrolls of identify
 q - a scroll of fog {unknown}
 r - 2 scrolls of remove curse
 s - 3 scrolls of blinking
 t - a scroll of enchant armour {unknown}
 w - 2 scrolls of recharging {unknown}
 F - a scroll of immolation {unknown}
Potions
 h - a potion of heal wounds
 m - a potion of cure mutation
 n - a potion of invisibility
 p - 2 potions of curing
 u - 2 potions of brilliance
 v - 3 potions of haste
 H - a potion of lignification
Books
 b - a book of Conjurations

   Spells                             Type                      Level
   a - Magic Dart                     Conjuration                  1
   b - Searing Ray                    Conjuration                  2
   c - Dazzling Spray                 Conjuration/Hexes            3
   d - Fulminant Prism                Conjuration/Hexes            4
   e - Iskenderun's Mystic Blast      Conjuration                  4
   f - Iskenderun's Battlesphere      Conjuration/Charms           5
Comestibles
 c - 7 bread rations
 g - a beef jerky
 x - 2 meat rations
 z - a fruit
 C - a royal jelly


   Skills:
 - Level 2.4 Dodging
 - Level 2.4 Stealth
 + Level 10.9 Spellcasting
 - Level 10.9 Conjurations


You had 10 spell levels left.
You knew the following spells:

 Your Spells              Type           Power        Failure   Level  Hunger
a - Magic Dart            Conj           ####         1%          1    None
b - Searing Ray           Conj           ######       1%          2    None
c - Dazzling Spray        Conj/Hex       #####.       1%          3    None
d - Iskenderun's Mystic   Conj           ######..     1%          4    None
e - Fulminant Prism       Conj/Hex       #####.....   4%          4    None
f - Iskenderun's Battles  Conj/Chrm      #####...     12%         5    ###....


Dungeon Overview and Level Annotations

Branches:
Dungeon (7/15)             Temple (1/1) D:7

Altars:
Ashenzari
Cheibriados
Dithmenos
Elyvilon
Fedhas
Gozag
Hepliaklqana
Kikubaaqudgha
Makhleb
Nemelex Xobeh
Okawaru
Pakellas
Qazlal
Ru
Sif Muna
Trog
Uskayaw
Vehumet
Xom
Yredelemnul
Zin
The Shining One

Shops:
D:5 =   D:7 }


Message History

The centaur shoots an arrow.
The arrow hits you. The orc hits you with a club!
* * * LOW HITPOINT WARNING * * *
The centaur shoots an arrow.
The arrow hits you.
* * * LOW HITPOINT WARNING * * *
You see here an arrow.
Casting: Dazzling Spray
Confirm with . or Enter, or press ? or * to list all spells.
Aiming: Dazzling Spray
Press: ? - help, Shift-Dir - straight line, f/p - centaur
Aim: a centaur, wielding a shortbow and wearing a robe (heavily wounded)
The spray of energy hits the centaur.
The centaur is almost dead.
The centaur is dazzled.
The spray of energy hits the orc.
You kill the orc!
Vehumet accepts your kill.
The centaur unwields an uncursed shortbow.
The centaur wields an uncursed whip.
The centaur closely misses you.
The orc priest calls down the wrath of Beogh upon you.
Beogh smites you!
You die...

## #...## ##. ##.... #..
###...# #..###.....#
#..........#
#......##..### ###
.###....#####...######..#
........### ##...........
. ..>.....@.##
#####....... ..
..#####()c.# ###....#
...> ##...# ##....# ....
#o..# ##...... .....
###...# ##....<..
......###(....#
##........
.......)(....(#
#..######.
.....oc#####.## #.## .
....... ### #.#


You could see a centaur (blind) and an orc priest.

Vanquished Creatures
  A two-headed ogre (D:7)
  Sigmund (D:6)
  A hungry ghost (D:7)
  2 orc warriors
  2 sky beasts
  An ice beast (D:5)
  3 ogres
  A centaur (D:5)
  A crocodile (Sewer)
  A giant frog (D:7)
  A scorpion (D:5)
  A howler monkey (D:4)
  2 crimson imps (D:6)
  A hound (D:5)
  A gnoll shaman (D:7)
  5 orc priests
  4 orc wizards
  2 iguanas
  4 worker ants
  A hound skeleton (D:5)
  A howler monkey zombie (D:5)
  8 adders
  2 gnolls (D:7)
  2 worms
  2 giant geckos
  23 orcs
  2 ball pythons
  11 bats
  16 giant cockroaches
  10 goblins
  5 hobgoblins
  8 jackals
  6 quokkas
  A ball python zombie (D:5)
  3 giant newts
  A jackal skeleton (D:4)
  8 kobolds
  10 rats
155 creatures vanquished.

Vanquished Creatures (others)
  A gnoll (D:7)
1 creature vanquished.

Grand Total: 156 creatures vanquished

Notes
Turn   | Place    | Note
--------------------------------------------------------------
     0 | D:1      | Gate88 the Deep Elf Conjurer began the quest for the Orb.
     0 | D:1      | Reached XP level 1. HP: 10/10 MP: 6/6
   177 | D:1      | Reached XP level 2. HP: 15/15 MP: 1/8
   193 | D:1      | Learned a level 2 spell: Searing Ray
   295 | D:1      | Reached skill level 5 in Conjurations
  1047 | D:2      | Reached XP level 3. HP: 19/19 MP: 7/9
  1052 | D:2      | Learned a level 3 spell: Dazzling Spray
  1332 | D:2      | Found a stormy altar of Qazlal.
  2236 | D:3      | Reached XP level 4. HP: 24/24 MP: 6/10
  2794 | D:3      | Reached XP level 5. HP: 28/28 MP: 8/11
  3305 | D:4      | Got an encrusted short sword
  3306 | D:4      | Identified the +3 short sword of Dishonesty {flame, *Rage *Confuse Int+6 SInv} (You found it on level 4 of the Dungeon)
  3689 | D:4      | Reached XP level 6. HP: 32/32 MP: 8/12
  3897 | D:5      | Entered Level 5 of the Dungeon
  3906 | D:5      | Found Ijeg's Jewellery Emporium.
  3940 | D:5      | Found a glowing drain.
  3951 | D:5      | Learned a level 4 spell: Iskenderun's Mystic Blast
  3990 | Sewer    | Entered a sewer
  4423 | D:5      | Reached XP level 7. HP: 36/36 MP: 8/13
  4544 | D:5      | Reached skill level 10 in Conjurations
  5556 | D:5      | Reached XP level 8. HP: 41/41 MP: 7/14
  5883 | D:6      | Noticed Sigmund
  6006 | D:6      | Reached skill level 5 in Spellcasting
  6942 | D:6      | Killed Sigmund
  7019 | D:7      | Learned a level 4 spell: Fulminant Prism
  7025 | D:7      | Learned a level 5 spell: Iskenderun's Battlesphere
  7066 | D:7      | Noticed a two-headed ogre
  7088 | D:7      | Killed a two-headed ogre
  7310 | D:7      | Reached skill level 10 in Spellcasting
  7310 | D:7      | Reached XP level 9. HP: 45/45 MP: 13/25
  7668 | D:7      | Found a staircase to the Ecumenical Temple.
  7694 | Temple   | Entered the Ecumenical Temple
  8129 | Temple   | Became a worshipper of Vehumet
  8179 | D:7      | Found Qaokenav's Gadget Shop.
  8280 | D:7      | Killed from afar by an orc priest

Vault maps used:
D:1:      lemuel_arrival_rhombus, minivault_11, kennysheep_nondescript
D:2:      overflow_temple_1_default, serial_corexii_hall,
          corexii_hall_statues_l, corexii_hall_statues_t
D:3:      minmay_roachtagon
D:4:      first_bread
D:5:      portal_sewer_entry_d, serial_shops, shop, nrook_mini_backslash
D:6:      uniq_sigmund
D:7:      serial_shops, nicolae_shop_statue_plus
Temple:   compressed_dpeg_triangle_lava_temple
Sewer:    sewer_big_baddie

Skill      XL: |  1  2  3  4  5  6  7  8 |
---------------+-------------------------+-----
Conjurations   | 5 6 8 9 10 | 10.9
Spellcasting   | 10 | 10.9
Dodging        | |  2.4
Stealth        | |  2.4

Action                   |  1- 3 |  4- 6 |  7- 9 || total
-------------------------+-------+-------+-------++-------
Melee: Dagger            |    16 |    23 |    36 ||    75
 Cast: Magic Dart        |    74 |    80 |   127 ||   281
       Searing Ray       |       |    12 |    15 ||    27
       Iskenderun's Myst |       |     3 |     6 ||     9
       Dazzling Spray    |       |     1 |    22 ||    23
       Iskenderun's Batt |       |       |     1 ||     1
  Use: Scroll            |       |     5 |     7 ||    12
       Potion            |       |       |     3 ||     3
 Stab: Invisible         |       |       |     3 ||     3
  Eat: Chunk             |     4 |     7 |     7 ||    18
       Meat ration       |       |       |     1 ||     1
Armor: Robe              |     4 |     4 |     4 ||    12
Dodge: Dodged            |    17 |    28 |    58 ||   103
